 Dungeon Crawl Stone Soup version 0.30-a0-341-g682706514a (webtiles) character file.

Game seed: 1547852691296298172

88 Muataran the Chopper (level 4, -1/40 HPs)
             Began as a Hill Orc Fighter on Nov 3, 2022.
             Was an Initiate of Okawaru.
             Slain by an ogre
             ... wielding a +0 giant club
              (26 damage)
             ... on level 4 of the Dungeon.
             The game lasted 00:02:56 (1906 turns).

Muataran the Chopper (Hill Orc Fighter)             Turns: 1906, Time: 00:02:56

Health: -1/40      AC:  7    Str: 18    XL:     4   Next: 54%
Magic:  4/4        EV:  9    Int: 10    God:    Okawaru [......]
Gold:   81         SH:  4    Dex: 10    Spells: 3/3 levels left

rFire   . . .      SeeInvis .    a - +0 war axe
rCold   . . .      Faith    .    c - +0 buckler
rNeg    . . .      Spirit   .    b - +0 scale mail
rPois   .          Reflect  .    (no helmet)
rElec   .          Harm     .    (no cloak)
rCorr   .          Rampage  .    (no gloves)
Will    .....                    (no boots)
Stlth   ..........               (no amulet)
HPRegen 0.26/turn                (no ring)
MPRegen 0.09/turn                (no ring)

@: no status effects
A: no striking features
a: Renounce Religion


You were on level 4 of the Dungeon.
You worshipped Okawaru.
Okawaru was noncommittal.
You visited 2 branches of the dungeon, and saw 5 of its levels.

You collected 81 gold pieces.

Inventory:

Hand Weapons
 a - a +0 war axe (weapon)
Armour
 b - a +0 scale mail (worn)
 c - a +0 buckler (worn)
Jewellery
 o - a ring of ice
Wands
 t - a wand of flame (11)
Scrolls
 e - 7 scrolls of identify {unknown}
 f - 3 scrolls of vulnerability {unknown}
 k - a scroll of fog {unknown}
 p - 2 scrolls of enchant weapon {unknown}
 q - a scroll of teleportation {unknown}
 r - a scroll of noise {unknown}
 s - a scroll of magic mapping {unknown}
Potions
 d - a potion of might
 g - 2 potions of ambrosia {unknown}
 h - 3 potions of haste {unknown}
 i - a potion of brilliance {unknown}
 j - a potion of magic {unknown}
 l - 2 potions of degeneration {unknown}
 m - a potion of invisibility {unknown}
 n - a potion of berserk rage {unknown}


   Skills:
 + Level 4.2 Fighting
 * Level 4.4 Axes
 + Level 3.9 Armour
 + Level 3.8 Shields
 + Level 0.0 Invocations


You had 3 spell levels left.
You didn't know any spells.
Your spell library was empty.

Dungeon Overview and Level Annotations

Branches:
Dungeon (4/15)             Temple (1/1) D:4

Altars:
Ashenzari
Cheibriados
Dithmenos
Elyvilon
Gozag
Hepliaklqana
Kikubaaqudgha
Makhleb
Nemelex Xobeh
Okawaru
Qazlal
Ru
Sif Muna
Trog
Vehumet
Wu Jian
Xom
Yredelemnul
Zin
The Shining One

Shops:
D:2 *


Message History

There is an open gate here.
Found an ancient bone altar of Kikubaaqudgha.
There is an open gate here.
There is an open gate here.
There is an iron altar of Okawaru here.
You kneel at the altar of Okawaru.
Okawaru welcomes you!
(D) Dungeon (T) Temple
Where to? (Enter - Temple @ (x,y), ? - help)
There is an open gate here.
There is a staircase back to the Dungeon here.
You climb upwards.
Welcome back to the Dungeon!
There is a staircase to the Ecumenical Temple here.
An ogre comes into view. It is wielding a +0 giant club.
The ogre shouts!
A jackal comes into view.
The ogre moves out of view.
The jackal moves out of view.
An adder comes into view.
There are monsters nearby!
There are monsters nearby!
There are monsters nearby!
You hit the ogre.
The ogre is lightly wounded.
The ogre barely misses you.
You hit the ogre.
The ogre is lightly wounded.
The ogre misses you.
You slash the ogre!
The ogre is heavily wounded.
The ogre barely misses you.
You hit the ogre.
The ogre is severely wounded.
The ogre hits you with a +0 giant club!
You completely miss the ogre.
The ogre is severely wounded.
You hit the ogre.
The ogre is severely wounded.
The ogre hits you with a +0 giant club!!
Ouch! That really hurt!
You die...

.###.♣.♣.#.#
........^#.###
#....#####...##
♣.♣..# ###..####
♣.♣...# ##....#
♣.♣#..# ####.#
♣.♣#.... #.#
♣.♣#<###. #.#
♣.♣#.# . #@# .
..# ..# #O# #.#
..# ..
#h####...#
#.......
##.##S.....###
####.#♣♣
♣♣.............
♣
......#.########
♣♣♣##....#
###...# ###.#


You could see an ogre, an adder and a jackal.

Vanquished Creatures
  A hound (D:3)
  2 dart slugs
  5 orcs (D:3)
  3 ball pythons
  4 bats
  3 endoplasms
  A giant cockroach (D:3)
  5 goblins
  3 hobgoblins
  4 jackals (D:1)
  3 quokkas
  4 frilled lizards
  2 kobolds
  5 rats
45 creatures vanquished.

Notes
Turn   | Place    | Note
-------+----------+-------------------------------------------
     0 | D:1      | Muataran the Hill Orc Fighter began the quest for the Orb.
     0 | D:1      | Reached XP level 1. HP: 19/19 MP: 1/1
    33 | D:1      | Reached XP level 2. HP: 23/27 MP: 2/2
   460 | D:2      | Found Lihifuv's General Store.
   530 | D:2      | Reached XP level 3. HP: 32/33 MP: 3/3
  1195 | D:3      | Reached XP level 4. HP: 39/40 MP: 4/4
  1500 | D:4      | Found a staircase to the Ecumenical Temple.
  1535 | Temple   | Entered the Ecumenical Temple
  1845 | Temple   | Became a worshipper of Warmaster Okawaru
  1891 | D:4      | Noticed an ogre
  1906 | D:4      | Slain by an ogre

Illustrated notes

Levels and vault maps discovered:
D:1:      erik_arrival_blinker_ship, layout_basic, serial_shops, shop_fountains,
          amcnicky_mini_rare_corridor_liquid, grunt_decor_junction,
          nicolae_wormholes
D:2:      layout_loops_ring, serial_shops, nicolae_square_shop
D:3:      layout_basic, serial_glass, glass_columns_a, glass_columns_a,
          glass_columns_b, glass_columns_a, glass_columns_a, glass_columns_a,
          glass_columns_a, glass_columns_a, glass_columns_b, glass_columns_c
D:4:      layout_rooms, minmay_temple_entry_trees, serial_forest,
          infiniplex_forest_clump_double, infiniplex_forest_side_room,
          infiniplex_forest_lined_3, infiniplex_forest_corner_2,
          infiniplex_forest_side_room, infiniplex_forest_straight_2,
          minivault_24, grunt_ministairs_11, kennysheep_pointless_box
Temple:   mainiacjoe_temple_big_plus

Skill      XL: |  1  2  3 |
---------------+----------+-----
Axes           | 3 4 |  4.4
Fighting       | 4 |  4.2
Armour         | |  3.9
Shields        | |  3.8

Action                   |  1- 3 |  4- 6 || total
-------------------------+-------+-------++-------
Melee: War axe           |   101 |    15 ||   116
Armor: Scale mail        |    65 |     3 ||    68
Dodge: Dodged            |    53 |     8 ||    61
Block: Buckler           |    25 |     2 ||    27

Table legend: (Time is in decaauts)
 A = Elapsed time spent in this place.
 B = Non-inter-level travel time spent in this place.
 C = Inter-level travel time spent in this place.
 D = Time resting spent in this place.
 E = Time spent auto-exploring this place.
 F = Levels seen in this place.
 G = Mean time per level.
                   A        B        C        D        E       F      G
               +--------+--------+--------+--------+--------+-----+--------+
         Total |   1946 |   1837 |    109 |      0 |   1505 |   5 |  389.2 |
       Dungeon |   1614 |   1542 |     72 |      0 |   1242 |   4 |  403.5 |
        Temple |    332 |    296 |     36 |      0 |    263 |   1 |  332.0 |
               +--------+--------+--------+--------+--------+-----+--------+

Top non-repeatable levels by time:
     D:3: 820 daAuts
     D:1: 352 daAuts
     D:2: 345 daAuts
  Temple: 332 daAuts
     D:4: 95 daAuts
